 Dungeon Crawl Stone Soup version 0.22-a0-265-g0d8bc90 (webtiles) character file.

3480 b5mith the Carver (level 9, -6/124 HPs)
             Began as a Minotaur Berserker on Mar 6, 2018.
             Was an Elder of Trog.
             Mangled by an unseen horror (7 damage)
             ... on level 8 of the Dungeon.
             The game lasted 00:14:58 (6442 turns).

b5mith the Carver (Minotaur Berserker)              Turns: 6442, Time: 00:14:59

Health: -6/124     AC:  9    Str: 30    XL:     9   Next: 79%
Magic:  8/8        EV: 16    Int:  4    God:    Trog [****..]
Gold:   254        SH:  0    Dex: 13    Spells: 8/8 levels left

rFire    . . .     SeeInvis .   a - +0 falchion
rCold    . . .     Gourm    .   (no shield)
rNeg     . . .     Faith    .   n - +0 ring mail
rPois    .         Spirit   .   (helmet restricted)
rElec    .         Reflect  .   l - +0 cloak
rCorr    .         Harm     .   D - +0 pair of gloves
MR       .....                  (no boots)
Stlth    ..........             (no amulet)
HPRegen  0.30/turn              G - ring of stealth
MPRegen  0.11/turn              u - +3 ring of dexterity

@: berserking, very quick
A: retaliatory headbutt, horns 2
a: Berserk, Trog's Hand, Brothers in Arms, Renounce Religion


You were on level 8 of the Dungeon.
You worshipped Trog.
Trog was greatly pleased with you.
You were hungry.

You visited 1 branch of the dungeon, and saw 8 of its levels.

You collected 254 gold pieces.

Inventory:

Hand Weapons
 a - a +0 falchion (weapon)
Missiles
 y - 5 tomahawks (quivered)
Armour
 b - a +0 animal skin
 l - a +0 cloak (worn)
 n - a +0 ring mail (worn)
 D - a +0 pair of gloves (worn)
 F - a +0 pair of gloves
Jewellery
 f - an uncursed ring of fire
 m - an uncursed ring of flight
 u - a +3 ring of dexterity (right hand)
 G - a ring of stealth (left hand)
 J - an uncursed ring of magical power {unknown}
Wands
 s - a wand of flame (59)
 t - a wand of clouds (4)
Scrolls
 d - a scroll of random uselessness {unknown}
 j - a scroll of amnesia {unknown}
 k - a scroll of enchant armour {unknown}
 o - 4 scrolls of remove curse {@r2}
 q - 8 scrolls of teleportation
 r - 4 scrolls of identify {unknown}
 w - 3 scrolls of magic mapping {unknown}
 E - a scroll of fog {unknown}
 H - a scroll of enchant weapon {unknown}
 I - a scroll of summoning {unknown}
 K - a scroll of fear {unknown}
Potions
 e - 2 potions of might {unknown}
 g - 4 potions of curing {unknown}
 h - 2 potions of heal wounds {unknown}
 i - 2 potions of degeneration {unknown}
 p - 4 potions of brilliance {unknown}
 v - a potion of haste {unknown}
 x - 2 potions of lignification {unknown}
 z - a potion of cancellation {unknown}
 A - a potion of resistance {unknown}
 C - 4 potions of mutation {unknown}
Comestibles
 c - 12 rations
 B - 5 chunks of flesh


   Skills:
 + Level 9.1 Fighting
 + Level 9.3 Long Blades
 + Level 8.7 Armour
 + Level 7.9 Dodging


You had 8 spell levels left.
You didn't know any spells.

Dungeon Overview and Level Annotations

Branches:
Dungeon (8/15)             Temple (0/1) D:7
   Lair: D:8-11

Altars:
Ashenzari
Elyvilon
Fedhas
Nemelex Xobeh
Ru
Uskayaw
Yredelemnul


Innate Abilities, Weirdness & Mutations

You reflexively headbutt those who attack you in melee.
You have a pair of horns on your head.


Message History

2 chunks of flesh; a hound skeleton You completely miss something.
Something hits you but does no damage.
B - 5 chunks of flesh (gained 2)
Something hits you.
* * * LOW HITPOINT WARNING * * *
Something hits you.
* * * LOW HITPOINT WARNING * * *
Something hits you.
* * * LOW HITPOINT WARNING * * *
Something hits you!
* * * LOW HITPOINT WARNING * * *
Something hits you.
* * * LOW HITPOINT WARNING * * *
Something hits you!
* * * LOW HITPOINT WARNING * * *
A red film seems to cover your vision as you go berserk!
You feel yourself moving faster!
You feel mighty!
You are feeling hungry.
Something hits you but does no damage. Something hits you!
You die...

##. #.####...... ....
##...........
....###.....#......
.........##........
......#............
..........#.......#
+#######'..#.#.....#
#...#...#..รท.......#
#...#...#..#@##.(..#
#.......#..#........
###._.###........#.#
#....)).#..........#
#...#...#........#.#
#...#..)#..#####.# #
+#######'..# ..
..........(# ..
.....###.>.####


There were no monsters in sight!

Vanquished Creatures
  Psyche (D:8)
  Prince Ribbit (D:5)
  Sigmund (D:4)
  A steam dragon (D:3)
  Menkaure (D:4)
  A water moccasin (D:2)
  A black bear (D:8)
  An ice beast (D:6)
  3 phantoms
  An ogre (D:5)
  2 centaurs (D:5)
  2 bullfrogs (D:7)
  A wyvern zombie (D:6)
  12 killer bees
  A crimson imp (D:7)
  2 howler monkeys (D:7)
  A bullfrog zombie (D:4)
  2 centaur zombies
  4 hounds
  An orc priest (D:5)
  A gnoll shaman (D:6)
  2 jellies
  2 bullfrog skeletons
  A centaur skeleton (D:7)
  An iguana (D:7)
  An orc wizard (D:8)
  A worker ant (D:5)
  A hound zombie (D:5)
  A hound skeleton (D:5)
  18 gnolls
  13 adders
  A shadow imp (D:7)
  An adder zombie (D:8)
  4 worms
  3 dart slugs
  5 leopard geckos
  16 orcs
  6 giant cockroaches
  5 hobgoblins
  3 quokkas
  A ball python (D:3)
  12 bats
  A frilled lizard (D:1)
  A giant cockroach zombie (D:6)
  6 goblins
  A jackal skeleton (D:4)
  9 kobolds
  A leopard gecko zombie (D:7)
  A quokka skeleton (D:4)
  9 rats
168 creatures vanquished.

Notes
Turn   | Place    | Note
-------+----------+-------------------------------------------
     0 | D:1      | b5mith the Minotaur Berserker began the quest for the Orb.
     0 | D:1      | Reached XP level 1. HP: 19/19 MP: 0/0
   232 | D:1      | Reached XP level 2. HP: 27/27 MP: 1/1
   503 | D:2      | Noticed a water moccasin
   508 | D:2      | Killed a water moccasin
   508 | D:2      | Reached XP level 3. HP: 23/34 MP: 2/2
   508 | D:2      | Reached XP level 4. HP: 28/41 MP: 3/3
   825 | D:2      | Reached XP level 5. HP: 40/47 MP: 4/4
  1038 | D:2      | Reached ** piety under Trog
  1390 | D:3      | Noticed a steam dragon
  1414 | D:3      | Killed a steam dragon
  1414 | D:3      | Reached skill level 5 in Fighting
  1414 | D:3      | Reached skill level 5 in Long Blades
  1414 | D:3      | Reached XP level 6. HP: 47/56 MP: 5/5
  2275 | D:3      | Reached *** piety under Trog
  2512 | D:4      | Noticed Menkaure
  2518 | D:4      | Killed Menkaure
  2518 | D:4      | Reached skill level 5 in Armour
  2518 | D:4      | Reached XP level 7. HP: 62/62 MP: 6/6
  2756 | D:4      | Noticed Sigmund
  2789 | D:4      | Killed Sigmund
  2789 | D:4      | Reached skill level 5 in Dodging
  3250 | D:4      | Found a hide-covered altar of Uskayaw.
  3280 | D:5      | Entered Level 5 of the Dungeon
  3293 | D:5      | Reached XP level 8. HP: 62/71 MP: 7/7
  3304 | D:5      | Noticed Prince Ribbit
  3326 | D:5      | Killed Prince Ribbit
  4746 | D:6      | Found a white marble altar of Elyvilon.
  4747 | D:6      | Found a sparkling altar of Nemelex Xobeh.
  4748 | D:6      | Found a shattered altar of Ashenzari.
  4750 | D:6      | Found a basalt altar of Yredelemnul.
  4750 | D:6      | Found a blossoming altar of Fedhas.
  5023 | D:6      | Reached **** piety under Trog
  5241 | D:7      | Found a staircase to the Ecumenical Temple.
  5248 | D:7      | Reached XP level 9. HP: 78/81 MP: 8/8
  5281 | D:7      | HP: 4/81 [poisoned by a killer bee]
  5286 | D:7      | HP: 3/81 [poisoned by a killer bee]
  5291 | D:7      | HP: 3/81 [poisoned by a killer bee]
  6071 | D:8      | Noticed Psyche
  6078 | D:8      | Killed Psyche
  6388 | D:8      | Found a sacrificial altar of Ru.
  6441 | D:8      | HP: 1/83 [something (10)]
  6442 | D:8      | Mangled by an unseen horror

Vault maps used:
D:1:      dpeg_arrival_arbitrary_c
D:2:      cheibrodos_helix_gallery, minmay_pentomino_o2
D:4:      marbit_many_paths, uniq_menkaure, uniq_sigmund
D:5:      first_ration, uniq_prince_ribbit1
D:6:      grunt_temple_overflow_open
D:7:      minmay_temple_entry_mist
D:8:      old_standard_altar, nicolae_ru_great_annihilating_truth, uniq_psyche

Skill      XL: |  1  2  3  4  5  6  7  8  9 |
---------------+----------------------------+-----
Fighting       | 4 5 6 7 9 |  9.1
Long Blades    | 4 5 6 8 9 |  9.3
Armour         | 3 4 5 6 7 8 |  8.7
Dodging        | 3 4 5 6 7 |  7.9

Action                   |  1- 3 |  4- 6 |  7- 9 || total
-------------------------+-------+-------+-------++-------
Melee: Falchion          |    21 |   114 |   298 ||   433
       Headbutt          |     3 |    28 |    81 ||   112
Throw: Tomahawk          |       |       |     5 ||     5
Invok: Berserk           |       |     2 |     4 ||     6
  Use: Scroll            |       |       |     3 ||     3
 Stab: Sleeping          |       |       |     3 ||     3
  Eat: Chunk             |       |     7 |    13 ||    20
       Ration            |       |       |     1 ||     1
Armor: Animal skin       |    16 |     3 |       ||    19
       Ring mail         |       |    29 |   101 ||   130
Dodge: Dodged            |    30 |    78 |   216 ||   324
       Rpst.: Falchion   |     7 |    15 |    55 ||    77

Table legend:
 A = Spawn XP
 B = Non-spawn XP
 C = Spawn XP percentage of total XP
 D = Spawn monster count
 E = Non-spawn monster count
 F = Spawn count percentage of total count
 G = Total turns spent on level
                    A         B        C        D         E        F      G
               +---------+---------+-------+---------+---------+-------+---------
         Total |       0 |    4972 |   0.0 |       0 |     168 |   0.0 |  6442
               +---------+---------+-------+---------+---------+-------+---------
           D:1 |       0 |      18 |   0.0 |       0 |      11 |   0.0 |   503
           D:2 |       0 |     247 |   0.0 |       0 |      24 |   0.0 |   863
           D:3 |       0 |     448 |   0.0 |       0 |      32 |   0.0 |  1141
           D:4 |       0 |     657 |   0.0 |       0 |      14 |   0.0 |   773
           D:5 |       0 |     935 |   0.0 |       0 |      24 |   0.0 |  1230
           D:6 |       0 |     402 |   0.0 |       0 |      14 |   0.0 |  1060
           D:7 |       0 |    1158 |   0.0 |       0 |      31 |   0.0 |   500
           D:8 |       0 |    1107 |   0.0 |       0 |      18 |   0.0 |   372
               +---------+---------+-------+---------+---------+-------+---------
